Workbook

Sheet March26- Sales
A1: Date | B1: No Of Pax | C1: Cash | D1: Visa | E1: PayNow | F1: Total
A2: 46082 | B2: 0 | C2: 0 | D2: 0 | E2: 0 | F2: =SUM(C2:E2) -> 0
A3: 46083 | B3: 473 | C3: 119.3 | D3: 308.05 | E3: 616.8 | F3: =SUM(C3:E3) -> 1044.15
A4: 46084 | F4: =SUM(C4:E4) -> 0
A5: 46085 | F5: =SUM(C5:E5) -> 0
A6: 46086 | F6: =SUM(C6:E6) -> 0
A7: 46087 | F7: =SUM(C7:E7) -> 0
A8: 46088 | F8: =SUM(C8:E8) -> 0
A9: 46089 | F9: =SUM(C9:E9) -> 0
A10: 46090 | F10: =SUM(C10:E10) -> 0
A11: 46091 | F11: =SUM(C11:E11) -> 0
A12: 46092 | F12: =SUM(C12:E12) -> 0
A13: 46093 | F13: =SUM(C13:E13) -> 0
A14: 46094 | F14: =SUM(C14:E14) -> 0
A15: 46095 | F15: =SUM(C15:E15) -> 0
... A32: 46112 | F32: =SUM(C32:E32) -> 0

Sheet Sales - Itemwise Report
A1: Date | B1: Item Description | C1: Quantiry | D1: Unit Price | E1: Total Price | I1: Row Labels | J1: Sum of Total Price
A2: 46082 | I2: 46082
A3: 46083 | B3: Beer- Carona | C3: 3 | D3: 15 | E3: =C3*D3 -> 45 | I3: 46083 | J3: 1017
A4: 46083 | B4: Chats- Samosa | C4: 1 | D4: 6 | E4: =C4*D4 -> 6 | I4: (blank)
A5: 46083 | B5: Egg Curry | C5: 1 | D5: 15.9 | E5: =C5*D5 -> 15.9 | I5: Grand Total | J5: 1017
A6: 46083 | B6: Fast2 | C6: 30 | D6: =E6/C6 -> 5.4 | E6: 162
A7: 46083 | B7: Hot Drinks | C7: 475 | D7: =E7/C7 -> 1.2166316 | E7: 577.9
A8: 46083 | B8: Tandori Roti | C8: 3 | D8: =E8/C8 -> 4.9 | E8: 14.7
A9: 46083 | B9: Gobi Manchurian | C9: 2 | D9: =E9/C9 -> 15.9 | E9: 31.8
A10: 46083 | B10: Kabab | C10: 2 | D10: =E10/C10 -> 19.9 | E10: 39.8
A11: 46083 | B11: Liqor Moiphes Black | C11: 1 | D11: 20 | E11: =C11*D11 -> 20
A12: 46083 | B12: Misc Food & Alcohol | C12: 2 | D12: =E12/2 -> 47.95 | E12: 95.9
A13: 46083 | B13: Masala Peanuts1 | C13: 1 | D13: 8 | E13: =C13*D13 -> 8
E14: =C14*D14 -> 0
E15: =C15*D15 -> 0
E16: =C16*D16 -> 0
E17: =C17*D17 -> 0
E18: =C18*D18 -> 0
E19: =C19*D19 -> 0
E20: =C20*D20 -> 0
E21: =C21*D21 -> 0
E22: =C22*D22 -> 0
E23: =C23*D23 -> 0
E24: =C24*D24 -> 0

Sheet Cash Flow
A1: Date | B1: Soujanya | C1: Mahav | D1: Vipin | E1: Items Purchased | F1: Cash on Hand | G1: Total Amount | J1: Date | K1: Cash | L1: Cash on Hand
A2: 46082 | G2: =SUM(B2:F2) -> 0 | J2: 46082 | K2: =VLOOKUP(J:J,'March26- Sales'!A:F,3,0) -> 0 | L2: =SUMIF(A:A,A:A,F:F) -> 0
A3: 46083 | D3: 20 | E3: 3.4 | F3: 95.6 | G3: =SUM(B3:F3) -> 119 | J3: 46083 | K3: =VLOOKUP(J:J,'March26- Sales'!A:F,3,0) -> 119.3 | L3: =SUMIF(A:A,A:A,F:F) -> 95.6
A4: 46084 | G4: =SUM(B4:F4) -> 0 | J4: 46084 | K4: =VLOOKUP(J:J,'March26- Sales'!A:F,3,0) -> 0 | L4: =SUMIF(A:A,A:A,F:F) -> 0
A5: 46085 | G5: =SUM(B5:F5) -> 0 | J5: 46085 | K5: =VLOOKUP(J:J,'March26- Sales'!A:F,3,0) -> 0 | L5: =SUMIF(A:A,A:A,F:F) -> 0
A6: 46086 | G6: =SUM(B6:F6) -> 0 | J6: 46086 | K6: =VLOOKUP(J:J,'March26- Sales'!A:F,3,0) -> 0 | L6: =SUMIF(A:A,A:A,F:F) -> 0
A7: 46087 | G7: =SUM(B7:F7) -> 0 | J7: 46087 | K7: =VLOOKUP(J:J,'March26- Sales'!A:F,3,0) -> 0 | L7: =SUMIF(A:A,A:A,F:F) -> 0
A8: 46088 | G8: =SUM(B8:F8) -> 0 | J8: 46088 | K8: =VLOOKUP(J:J,'March26- Sales'!A:F,3,0) -> 0 | L8: =SUMIF(A:A,A:A,F:F) -> 0
A9: 46089 | G9: =SUM(B9:F9) -> 0 | J9: 46089 | K9: =VLOOKUP(J:J,'March26- Sales'!A:F,3,0) -> 0 | L9: =SUMIF(A:A,A:A,F:F) -> 0
A10: 46090 | G10: =SUM(B10:F10) -> 0 | J10: 46090 | K10: =VLOOKUP(J:J,'March26- Sales'!A:F,3,0) -> 0 | L10: =SUMIF(A:A,A:A,F:F) -> 0
A11: 46091 | G11: =SUM(B11:F11) -> 0 | J11: 46091 | K11: =VLOOKUP(J:J,'March26- Sales'!A:F,3,0) -> 0 | L11: =SUMIF(A:A,A:A,F:F) -> 0
A12: 46092 | G12: =SUM(B12:F12) -> 0 | J12: 46092 | K12: =VLOOKUP(J:J,'March26- Sales'!A:F,3,0) -> 0 | L12: =SUMIF(A:A,A:A,F:F) -> 0
A13: 46093 | G13: =SUM(B13:F13) -> 0 | J13: 46093 | K13: =VLOOKUP(J:J,'March26- Sales'!A:F,3,0) -> 0 | L13: =SUMIF(A:A,A:A,F:F) -> 0
A14: 46094 | G14: =SUM(B14:F14) -> 0 | J14: 46094 | K14: =VLOOKUP(J:J,'March26- Sales'!A:F,3,0) -> 0 | L14: =SUMIF(A:A,A:A,F:F) -> 0
A15: 46095 | G15: =SUM(B15:F15) -> 0 | J15: 46095 | K15: =VLOOKUP(J:J,'March26- Sales'!A:F,3,0) -> 0 | L15: =SUMIF(A:A,A:A,F:F) -> 0
... A32: 46112 | G32: =SUM(B32:F32) -> 0 | J32: 46112 | K32: =VLOOKUP(J:J,'March26- Sales'!A:F,3,0) -> 0 | L32: =SUMIF(A:A,A:A,F:F) -> 0

Sheet Expenses
A1: Vendor | B1: Order By | C1: Invoice No | D1: Ordered Date | E1: Delivered Date | F1: Description | G1: Quantiry | H1: Unit Price | I1: Total Price | J1: GST 9% | K1: Grand Total
A2: DashMesh | B2: Madhav | C2: 10852759 | D2: 46083 | E2: 46083 | F2: Amul Tazza UHT Milk ( 12x 1 LTR) | G2: 20 | H2: 21 | I2: =G2*H2 -> 420 | J2: =I2*0.09 -> 37.8 | K2: =I2+J2 -> 457.8
A3: DashMesh | B3: Madhav | C3: 10852759 | D3: 46083 | E3: 46083 | F3: Nescafe 9 12 x 200GMs) | G3: 3 | H3: 6.8 | I3: =G3*H3 -> 20.4 | J3: =I3*0.09 -> 1.836 | K3: =I3+J3 -> 22.236
A4: DashMesh | B4: Madhav | C4: 10852759 | D4: 46083 | E4: 46083 | F4: MaxWill Fine Sugar( 4x 5KG) | G4: 2 | H4: 6 | I4: =G4*H4 -> 12 | J4: =I4*0.09 -> 1.08 | K4: =I4+J4 -> 13.08
A5: Hairo | B5: Madhav | C5: HF601525 | D5: 46083 | E5: 46083 | F5: POTATOES BAG | G5: 1 | H5: 6 | I5: =G5*H5 -> 6 | J5: =I5*0.09 -> 0.54 | K5: =I5+J5 -> 6.54
A6: Hairo | B6: Madhav | C6: HF601525 | D6: 46083 | E6: 46083 | F6: BOMBAY ONION BAG 3KG | G6: 3 | H6: 2.3 | I6: =G6*H6 -> 6.9 | J6: =I6*0.09 -> 0.621 | K6: =I6+J6 -> 7.521
A7: Hairo | B7: Madhav | C7: HF601525 | D7: 46083 | E7: 46083 | F7: OLD GINGER | G7: 3 | H7: 3.5 | I7: =G7*H7 -> 10.5 | J7: =I7*0.09 -> 0.945 | K7: =I7+J7 -> 11.445
A8: Hairo | B8: Madhav | C8: HF601525 | D8: 46083 | E8: 46083 | F8: GREEN CHILLIES PADI | G8: 0.5 | H8: 4.8 | I8: =G8*H8 -> 2.4 | J8: =I8*0.09 -> 0.216 | K8: =I8+J8 -> 2.616
A9: Hairo | B9: Madhav | C9: HF601525 | D9: 46083 | E9: 46083 | F9: CORIANDER LEAVES | G9: 1 | H9: 10 | I9: =G9*H9 -> 10 | J9: =I9*0.09 -> 0.9 | K9: =I9+J9 -> 10.9
A10: Hairo | B10: Madhav | C10: HF601525 | D10: 46083 | E10: 46083 | F10: YELLOW LEMON | G10: 10 | H10: 0.6 | I10: =G10*H10 -> 6 | J10: =I10*0.09 -> 0.54 | K10: =I10+J10 -> 6.54
A11: Hairo | B11: Madhav | C11: HF601525 | D11: 46083 | E11: 46083 | F11: TOMATOES LOOSE | G11: 1 | H11: 1.8 | I11: =G11*H11 -> 1.8 | J11: =I11*0.09 -> 0.162 | K11: =I11+J11 -> 1.962
A12: Hairo | B12: Madhav | C12: HF601525 | D12: 46083 | E12: 46083 | F12: FRESH EGGS CUCUMBER | G12: 90 | H12: 0.3 | I12: =G12*H12 -> 27 | J12: =I12*0.09 -> 2.43 | K12: =I12+J12 -> 29.43
A13: Hairo | B13: Madhav | C13: HF601525 | D13: 46083 | E13: 46083 | F13: CUCUMBER | G13: 1 | H13: 1.8 | I13: =G13*H13 -> 1.8 | J13: =I13*0.09 -> 0.162 | K13: =I13+J13 -> 1.962

Sheet Pivot Expenses
A3: Row Labels | B3: Vendor | C3: Sum of Total Price | D3: Sum of GST 9% | E3: Sum of Grand Total
A4: 46083 | B4: DashMesh | C4: 452.4 | D4: 40.716 | E4: 493.116
B5: Hairo | C5: 72.4 | D5: 6.516 | E5: 78.916
A6: (blank) | B6: (blank)
A7: Grand Total | C7: 524.8 | D7: 47.232 | E7: 572.032
